 Dungeon Crawl Stone Soup version 0.26-a0-651-gb41185065b (webtiles) character file.

Game seed: 12277035577945127473

(classic levelgen) 150 EnegeticOcto the Covered (level 5, -5/49 HPs)
             Began as a Deep Dwarf Fighter on Oct 10, 2020.
             Killed by nerve-wracking pain
             ... invoked by an orc priest
              (13 damage)
             ... on level 4 of the Dungeon.
             The game lasted 00:00:35 (728 turns).

EnegeticOcto the Covered (Deep Dwarf Fighter)        Turns: 728, Time: 00:00:36

Health: -5/49      AC:  7    Str: 20    XL:     5   Next: 10%
Magic:  5/5        EV:  7    Int:  9    God:
Gold:   86         SH:  9    Dex: 12    Spells: 4/4 levels left

rFire    . . .     SeeInvis .   a - +0 war axe
rCold    . . .     Faith    .   c - +0 kite shield
rNeg     . . .     Spirit   .   b - +0 scale mail
rPois    .         Reflect  .   (no helmet)
rElec    .         Harm     .   (no cloak)
rCorr    .         Rampage  .   (no gloves)
MR       .....                  (no boots)
Stlth    ..........             (no amulet)
HPRegen  0.00/turn              (no ring)
MPRegen  0.09/turn              (no ring)

@: non-regenerating
A: damage resistance, heal wounds, sense surroundings 1, no regeneration
a: Heal Wounds


You were on level 4 of the Dungeon.
You visited 1 branch of the dungeon, and saw 4 of its levels.

You collected 86 gold pieces.

Inventory:

Hand Weapons
 a - a +0 war axe (weapon)
Armour
 b - a +0 scale mail (worn)
 c - a +0 kite shield (worn)
Scrolls
 f - 2 scrolls of fear {unknown}
 g - a scroll of fog {unknown}
 i - a scroll of remove curse {unknown}
 j - 2 scrolls of identify {unknown}
 l - a scroll of immolation {unknown}
 m - a scroll of random uselessness {unknown}
Potions
 d - a potion of might {@q3}
 e - a potion of heal wounds {unknown}
 h - a potion of lignification {unknown}
 k - a potion of curing {unknown}


   Skills:
 + Level 3.3 Fighting
 * Level 4.0 Axes
 + Level 4.1 Armour
 + Level 4.1 Shields


You had 4 spell levels left.
You didn't know any spells.
Your spell library was empty.

Dungeon Overview and Level Annotations

Branches:
Dungeon (4/15)
 Temple: D:4-7

Altars:
Elyvilon
Uskayaw


Innate Abilities, Weirdness & Mutations

You are resistant to damage.
You can heal yourself by infusing magical energy.
You passively map a small area around you.
You do not regenerate.


Message History

The worker ant twitches its antennae in your direction.
Found a leather armour.
Found a stone staircase leading up.
A worker ant is nearby!
A worker ant is nearby!
A worker ant is nearby!
A worker ant is nearby!
Found 8 poisoned darts.
You closely miss the worker ant.
The worker ant bites you but does no damage.
You barely miss the worker ant.
The worker ant bites you but does no damage.
The worker ant completely misses you.
You hit the worker ant.
The worker ant is moderately wounded.
You block the worker ant's attack. The worker ant bites you.
You closely miss the worker ant.
The worker ant is moderately wounded.
The worker ant closely misses you.
You slash the worker ant!
You kill the worker ant!
Your Armour skill increases to level 4!
Your Shields skill increases to level 4!
No target in view!
No target in view!
No target in view!
No target in view!
No target in view!
No target in view!
An orc priest comes into view. It is wielding a +0 dagger.
The orc priest shouts!
You hear a shout! x2
The orc priest moves out of view.
Found an escape hatch in the ceiling.
An orc priest comes into view. It is wielding a +0 club.
Found a scroll labeled MAUTIUT DAUJAP.
There are monsters nearby!
There are monsters nearby!
There are monsters nearby!
An orc comes into view. It is wielding a +0 club.
The orc shouts!
You hear a shout!
An orc priest comes into view. It is wielding a +0 flail.
An orc wizard comes into view. It is wielding a +0 dagger.
Found an escape hatch in the floor.
You block the orc priest's attack. The orc priest hits you with a +0 club.
There is a stone staircase leading up here.
You hit the orc priest.
The orc priest is lightly wounded.
You closely miss the orc priest. The orc priest hits you with a +0 club.
You closely miss the orc priest.
The orc priest is lightly wounded.
You closely miss the orc priest. You barely miss the orc.
The orc priest looks satisfied for a moment.
You block the orc priest's attack. You block the orc's attack.
The orc priest closely misses you.
You slash the orc priest!
You kill the orc priest!
Your Axes skill increases to level 4!
You have reached level 5!
You hit the orc. You hit the orc priest. The orc priest barely misses you.
The orc priest invokes the aid of Beogh against you.
Beogh smites you! You block the orc's attack.
You closely miss the orc priest.
The orc priest is moderately wounded.
You hit the orc but do no damage.
You hit the orc wizard but do no damage.
You block the orc priest's attack. You block the orc wizard's attack.
You block the orc's attack.
The orc wizard gestures at you while chanting.
The magic dart hits you.
The orc priest hits you but does no damage.
You closely miss the orc priest.
The orc priest is moderately wounded.
You hit the orc wizard. You closely miss the orc priest. You hit the orc.
The orc priest hits you with a +0 flail.
You block the orc's attack.
The orc wizard hits you but does no damage.
The orc priest completely misses you.
The orc priest hits you with a +0 flail.
You hit the orc but do no damage.
The orc is heavily wounded.
You hit the orc priest but do no damage.
You barely miss the orc wizard.
Your shield prevents you from hitting the orc priest.
The orc wizard hits you but does no damage.
The orc hits you but does no damage.
The orc priest calls upon Beogh to heal the orc wizard.
The orc wizard's wounds heal themselves!
The orc priest hits you with a +0 flail.
You block the orc wizard's attack.
You slash the orc!
You kill the orc!
You hit the orc priest.
You hit the orc wizard but do no damage.
You slash the orc priest! The orc priest closely misses you.
The orc wizard hits you with a +0 dagger.
The orc priest invokes the aid of Beogh against you.
Beogh smites you!
* * * LOW HITPOINT WARNING * * *
The orc priest calls down the wrath of Beogh upon you.
Pain shoots through your body!
You die...

* , #.......# ** * ,,
#.......# #.......#
##..... , . *#.......#
#..... ..##...>...#
###..... ,
,...........#
#.....###** ,
......ooo..###.#.....#
#...)@####.........#
###........##......# *
,* #.......##........#
, * #...........#.....#
,,
,,........##..###.....#
###..(........###.### ,
...<...###.........###
....[...# #.........##.
###....## #............


You could see 2 orc priests and an orc wizard.

Vanquished Creatures
  A howler monkey (D:3)
  An orc priest (D:4)
  A worker ant (D:4)
  An adder (D:2)
  An ooze (D:2)
  2 leopard geckos
  An orc (D:4)
  2 giant cockroaches
  2 goblins
  5 hobgoblins
  8 jackals
  2 quokkas
  5 bats
  3 frilled lizards
  3 kobolds
  2 rats
40 creatures vanquished.

Notes
Turn   | Place    | Note
-------+----------+-------------------------------------------
     0 | D:1      | EnegeticOcto the Deep Dwarf Fighter began the quest for the
                  | Orb.
     0 | D:1      | Reached XP level 1. HP: 20/20 MP: 1/1
   395 | D:2      | Reached XP level 2. HP: 21/27 MP: 2/2
   423 | D:2      | Reached XP level 3. HP: 26/33 MP: 3/3
   442 | D:2      | Found a white marble altar of Elyvilon.
   501 | D:3      | Reached XP level 4. HP: 26/42 MP: 4/4
   656 | D:3      | Found a hide-covered altar of Uskayaw.
   724 | D:4      | Reached XP level 5. HP: 44/49 MP: 5/5
   728 | D:4      | Killed from afar by an orc priest

Illustrated notes

Levels and vault maps discovered:
D:1:      saegor_arrival_simple_b, layout_loops_corners, due_unseen_surprise
D:2:      layout_rooms, elyvilon_altar_3
D:3:      layout_basic, lemuel_crystal_altar,
          gammafunk_temple_overflow_forgotten, corexii_hall_statues_u,
          kennysheep_generic_room_13
D:4:      lemuel_upstairs_altar, layout_rooms, grunt_qazlal_sundering,
          minmay_temple_entry_waves, grunt_ministairs_10, uniq_ijyb

Skill      XL: |  1  2  3  4 |
---------------+-------------+-----
Axes           | 3 4 |  4.0
Fighting       | 3 |  3.3
Armour         | 4 |  4.1
Shields        | 4 |  4.1

Action                   |  1- 3 |  4- 6 || total
-------------------------+-------+-------++-------
Melee: War axe           |    53 |    60 ||   113
 Abil: Heal Wounds       |       |     1 ||     1
Armor: Scale mail        |    31 |    38 ||    69
Dodge: Dodged            |    17 |    19 ||    36
Block: Kite shield       |    39 |    50 ||    89

Table legend: (Time is in decaauts)
 A = Elapsed time spent in this place.
 B = Non-inter-level travel time spent in this place.
 C = Inter-level travel time spent in this place.
 D = Time resting spent in this place.
 E = Time spent auto-exploring this place.
 F = Levels seen in this place.
 G = Mean time per level.
                   A        B        C        D        E       F      G
               +--------+--------+--------+--------+--------+-----+--------+
         Total |    775 |    693 |     82 |      0 |    433 |   4 |  193.8 |
       Dungeon |    775 |    693 |     82 |      0 |    433 |   4 |  193.8 |
               +--------+--------+--------+--------+--------+-----+--------+

Top non-repeatable levels by time:
     D:1: 394 daAuts
     D:3: 208 daAuts
     D:2: 117 daAuts
     D:4: 55 daAuts
